Hakan, chaotic male elven Ranger # ------ ####(#####################` ! |..... ------..### # ----------- |....| #|.%....-## ####...........# |.=^.| %.......| # |.........|# |....-#####[#|......| ### |.........|# |....| #------.- # |......)..|# |....| #*#[)###%#%#####[### ----.------# -.---- # # ## ( ################# ## #### # #[# ---.---.- # # # |.......| #:q ----+-.------ ############## |.......-###@#%#[#####.l..........| # ----|- |.......|### |...........| # |........ |........# |.........._| |......... --------- |...........| # |......>.. ------------- # |......... ##......... ------ Hakan the Trailblazer Experience level: 8 Strength: 15 Dexterity: 10 Constitution: 16 Intelligence: 14 Wisdom: 13 Charisma: 8 Health: 0(64) Energy: 41(41) Def: 0 Gold: 825 Moves: 3139 Dungeon seed: 417fHiSCWrmr6W81 Game ID: Hakan_1517692314 Your Inventory: Coins $ - 825 gold pieces Amulets W - an uncursed amulet of reflection Weapons a - a +1 elven dagger (weapon in hand) c - 3 +2 elven arrows Armor j - an uncursed +0 orcish shield N - a cursed +0 cloak of magic resistance Comestibles f - 2 uncursed lembas wafers A - 3 cursed food rations Scrolls p - a cursed scroll of enchant armor w - a blessed scroll of taming y - a cursed scroll of magic mapping z - 2 cursed scrolls of blank paper M - a cursed scroll of teleportation U - a cursed scroll of enchant weapon X - a blessed scroll of scare monster Spellbooks g - an uncursed spellbook of sleep E - a cursed spellbook of force bolt F - an uncursed spellbook of wizard lock Potions h - an uncursed potion of blindness u - 2 cursed potions of gain energy B - a cursed potion of object detection V - an uncursed potion of sickness Rings G - a cursed ring of polymorph H - an uncursed ring of searching I - a cursed ring of searching Wands d - a wand of magic missile (0:4) i - a cursed wand of fire (0:1) m - a cursed wand of magic missile (0:4) s - a cursed wand of striking (0:2) t - a cursed wand of digging (0:4) v - a cursed wand of fire (0:0) x - a wand of striking (0:6) C - a cursed wand of polymorph (0:7) S - a cursed wand of light (0:12) Tools l - an uncursed blindfold D - a +0 pick-axe J - 2 cursed wax candles (0:400) K - a cursed skeleton key L - a cursed skeleton key R - an uncursed skeleton key T - 2 uncursed partly used wax candles (lit) (0:172) Z - an uncursed tin whistle Gems n - an uncursed opal q - 3 uncursed worthless pieces of orange glass r - an uncursed worthless piece of blue glass O - 4 uncursed worthless pieces of yellowish brown glass P - 2 uncursed worthless pieces of violet glass Q - 2 uncursed amethyst stones Spells and supernatural/magical abilities: Name Level Category Fail Memory w - wizard lock 2 matter 92% 100% z - sleep 1 enchantment 38% 88% W - pray for help -- divine ? -- Your skills at the end: Fighting Skills Weapon Skills dagger [Basic] bow [Basic] Spellcasting Skills Final Attributes: You were piously aligned. You were sleep resistant. You had automatic searching. You had infravision. You were stealthy. You were levitating. You were unlucky. Mars was angry with you. You are dead. Vanquished creatures: a giant mimic a tengu a quivering blob 12 leprechauns a giant spider a horse 2 black lights a gnome king a Green-elf a dog a gnome mummy a rope golem a bugbear 2 wood nymphs a mountain nymph 7 Mordor orcs an orc shaman a rock mole 2 ponies 2 fog clouds 5 gnome lords a kobold mummy a barrow wight a straw golem 2 giant ants a little dog 2 floating eyes 2 kittens 4 dwarves a homunculus a kobold lord 2 kobold shamans a rothe a rabid rat a dwarf zombie a wererat 5 killer bees an acid blob 2 hobbits 3 manes a yellow mold a green mold 14 gnomes 3 garter snakes 2 geckos a jackal 2 foxes a kobold 2 goblins 11 grid bugs 5 lichens 4 newts 126 creatures vanquished. Genocided species: giant ants 1 species genocided. Voluntary challenges: You had been an atheist until turn 2007. You used a wielded weapon 28 times, starting on turn 188. You read items or engraved 9 times, starting on turn 677. You genocided 1 type of monster, starting on turn 2886. You never polymorphed an object. You changed form 1 time, starting on turn 3020. You used no wishes. You never split a pudding. You never wrote Elbereth's name. You violated your moral code, losing 19 points of alignment, starting on turn 2079. Dungeon overview: The Dungeons of Doom: levels 1 to 8 Level 1 a long staircase Level 2 a fountain stairs to The Gnomish Mines Level 3 Level 4 Level 5 a general store, an altar to Mars Level 6 a sink Level 7 <- You were here an altar to Venus Level 8 The Gnomish Mines: levels 3 to 5 Level 3 stairs to The Dungeons of Doom Level 4 Level 5 History has recorded: On T:1 you entered the Dungeons of Doom to retrieve the Amulet of Yendor! On T:333 you reached level 2 of The Dungeons of Doom. On T:486 you advanced to experience level 2. On T:491 you reached level 1 of The Gnomish Mines. On T:514 you advanced to experience level 3. On T:546 you advanced to experience level 4. On T:660 you reached level 3 of The Gnomish Mines. On T:783 you advanced to experience level 5. On T:961 you reached level 2 of The Gnomish Mines. On T:1089 you advanced to experience level 6. On T:1469 you reached level 3 of The Dungeons of Doom. On T:1814 you reached level 4 of The Dungeons of Doom. On T:1860 you reached level 5 of The Dungeons of Doom. On T:2199 you reached level 6 of The Dungeons of Doom. On T:2233 you reached level 7 of The Dungeons of Doom. On T:2464 you advanced to experience level 7. On T:2740 you advanced to experience level 8. On T:3057 you reached level 8 of The Dungeons of Doom. Score breakdown: Gold: 825 ( 9922 points) Experience: 8 levels (14739 points) Exploration: 8 levels ( 17.78%) (11965 points) Discoveries: 16 items ( 5.52%) ( 7046 points) Valuables value: (no points given unless you survive) Artifact value: 0 ( 0 points) Variety of kills: 52 monsters ( 13.65%) (11083 points) Turncount: 3139 turns ( -666 points) Survival: died (score multiplied by 80%) Total score: 43271 Latest messages: The homunculus bites! You miss the homunculus. The homunculus bites! You hit the homunculus. The homunculus bites! You hit the homunculus! The homunculus bites! You kill the homunculus! The bolt of fire bounces! The iguana bites! You feel an absence of magical power. The iguana bites! You hit the iguana. (2x) The iguana bites! You feel an absence of magical power. You hit the iguana! The iguana bites! The mumak butts! You die... Final status: Goodbye Hakan the Ranger, killed by a mumak... You died in The Dungeons of Doom on dungeon level 7 with 43271 points, and 825 pieces of gold, after 3139 moves. You were level 8 with a maximum of 64 hit points when you died.